 Dungeon Crawl Stone Soup version 0.20-a0-983-g35de22d (webtiles) character file.

45879 AlphabetPasta the Swashbuckler (level 14, -8/88 HPs)
             Began as a Kobold Chaos Knight on Apr 9, 2017.
             Mangled by a death yak (18 damage)
             ... on level 5 of the Lair of Beasts on Apr 10, 2017.
             The game lasted 01:32:05 (15060 turns).

AlphabetPasta the Swashbuckler (KoCK)              Turns: 15060, Time: 01:32:06

Health: -8/88      AC: 18    Str:  8 (10) XL:     14   Next: 73%
Magic:  20/20      EV: 22    Int: 13 (14) God:    Xom [.*....]
Gold:   1055       SH:  0    Dex: 20      Spells: 13/13 levels left

rFire    . . .     SeeInvis .   n - +2 rapier (vamp)
rCold    . . .     Gourm    .   (shield restricted)
rNeg     . . .     Faith    .   b - +3 leather armour
rPois    +         Spirit   .   w - +0 helmet
rElec    .         Reflect  .   B - +0 cloak
rCorr    .         Harm     .   D - +0 pair of gloves
MR       +....     Clarity  +   r - +0 pair of boots
Stlth    +++++.....             l - amulet of regeneration
Regen    0.7/turn               d - +2 ring of dexterity
MPRegen  0.2/turn               p - ring of poison resistance

@: no status effects
A: iridescent scales 1, slimy green scales 1, thin metallic scales 1, blink,
carnivore 3, clarity, deterioration 1, sense surroundings 1, wild magic 1,
MP-powered wands
a: Blink, Renounce Religion


You were on level 5 of the Lair of Beasts.
You worshipped Xom.
You were a plaything of Xom.
You were very full.

You visited 3 branches of the dungeon, and saw 19 of its levels.

You collected 1055 gold pieces.

Inventory:

Hand Weapons
 a - a +2 short sword of chaos
 n - a +2 vampiric rapier (weapon)
 y - a +0 arbalest
 O - a +4 quick blade
Missiles
 e - 37 tomahawks (quivered)
 m - 95 bolts
Armour
 b - a +3 leather armour (worn)
 r - a +0 pair of boots (worn)
 w - a +0 helmet (worn)
 B - a +0 cloak (worn)
 D - a +0 pair of gloves (worn)
Jewellery
 d - a +2 ring of dexterity (left hand)
 h - an uncursed ring of protection from cold
 l - an amulet of regeneration (around neck)
 p - a ring of poison resistance (right hand)
 I - an uncursed ring of stealth
 L - an uncursed ring of protection from cold
Wands
 g - a wand of flame (26/48)
 i - a wand of paralysis (11/24)
 o - a wand of lightning (6/15)
 u - a wand of disintegration (11/24)
 z - a wand of paralysis (17/24)
 F - a wand of digging (12/24)
 J - a wand of enslavement (14/24)
 K - a wand of confusion (19/48)
 M - a wand of flame (27/48)
Scrolls
 k - 6 scrolls of remove curse
 s - a scroll of enchant armour
 v - 12 scrolls of identify
 x - a scroll of fog
 G - 3 scrolls of magic mapping
 H - 2 scrolls of silence
 P - a scroll of holy word
 Q - 4 scrolls of recharging
 R - a scroll of enchant weapon
Potions
 j - 7 potions of curing
 t - 5 potions of flight
 A - a potion of ambrosia
 C - a potion of cancellation
Comestibles
 c - 10 meat rations
 f - 7 royal jellies


   Skills:
 + Level 10.0 Fighting
 + Level 15.0 Short Blades
 * Level 13.5 Crossbows
 + Level 7.3 Armour
 + Level 10.1 Dodging
 + Level 12.0 Stealth
 + Level 8.7 Evocations


You had 13 spell levels left.
You didn't know any spells.

Dungeon Overview and Level Annotations

Branches:
Dungeon (12/15)            Temple (1/1) D:4            Lair (6/6) D:9
  Swamp (0/4) Lair:4       Spider (0/4) Lair:2          Orc (0/2) D:9
  Slime: Lair:5-6

Altars:
Ashenzari
Cheibriados
Dithmenos
Elyvilon
Fedhas
Gozag
Hepliaklqana
Kikubaaqudgha
Makhleb
Nemelex Xobeh
Okawaru
Qazlal
Ru
Sif Muna
Trog
Uskayaw
Vehumet
Wu Jian
Xom
Yredelemnul
Zin
The Shining One

Annotations:
D:4 AlphabetPasta's ghost, amateur KoCK
Lair:1 Raine357's ghost, journeyman MiWn
Lair:5 exclusion: oklob plant


Innate Abilities, Weirdness & Mutations

You are small and have problems with some larger weapons.
You are carnivorous and can eat meat at any time.
You are partially covered in iridescent scales. (AC +2)
You are partially covered in slimy green scales. (AC +2)
You are partially covered in thin metallic scales. (AC +2)
You can translocate small distances at will.
You possess an exceptional clarity of mind.
Your body sometimes deteriorates upon taking damage.
You passively map a small area around you.
Your spells are a little harder to cast, but a little more powerful.
You expend magic power (3 MP) to strengthen your wands.


Message History

You puncture the death yak!
You feel better.
The death yak is moderately wounded.
You hit the death yak.
You feel better.
The death yak is moderately wounded.
The death yak gores you!
* * * LOW HITPOINT WARNING * * *
Your body deteriorates!
You feel weakened.
You hit the death yak but do no damage.
The death yak is moderately wounded.
You hit the death yak but do no damage.
The death yak is moderately wounded.
The death yak gores you.
* * * LOW HITPOINT WARNING * * *
You barely miss the death yak.
The death yak is moderately wounded.
You hit the death yak but do no damage.
The death yak is moderately wounded.
The death yak gores you!!
You die...
Xom howls with laughter!

....#.......##..#
..............#.#
................#
..............#.#
...............##
###............#
######........## ###
.###...........### ######.#
..#P..........5#@# #PPP...#
........>.....#Y## ###......#
.........#....†#####.##.....#
#).............##..8.8......#
##....#.#.....#.............#
##.....#.........#8.8......#
##.....#._......#..##....##
#.....P..............#..#
##...................####


You could see a death yak.

Vanquished Creatures
  Kirke (Lair:6)
  An emperor scorpion (Lair:5)
  Erolcha (D:12)
  Erica (D:11)
  3 hydras
  7 two-headed ogres
  8 death yaks (Lair:5)
  An unseen horror (D:12)
  Pikel (D:5)
  2 ugly things
  A manticore (D:12)
  10 komodo dragons
  2 black mambas
  13 spiny frogs
  A gargoyle (D:10)
  A kobold demonologist (D:12)
  3 rime drakes
  A polar bear (Lair:3)
  3 trolls
  Prince Ribbit (D:8)
  A slime creature (D:12)
  A harpy skeleton (D:12)
  7 hippogriffs
  7 dream sheep (Lair:4)
  4 blink frogs (Lair:5)
  A redback (Lair:2)
  A wyvern (D:12)
  2 wraiths
  41 yaks
  A hungry ghost (D:11)
  A basilisk (Lair:2)
  6 water moccasins
  6 porcupines
  A swamp drake (D:9)
  4 orc warriors
  4 ice beasts
  A black bear (Lair:2)
  A necrophage (D:11)
  7 wolves
  6 ogres
  2 centaurs
  7 crocodiles
  2 big kobolds
  12 bullfrogs
  2 scorpions
  16 killer bees
  4 wights (D:10)
  5 howler monkeys
  7 crimson imps
  A bullfrog zombie (D:8)
  8 hounds
  11 jellies
  6 orc wizards
  6 orc priests
  A bullfrog skeleton (D:11)
  Jessica (D:3)
  6 iguanas
  11 worker ants
  A killer bee zombie (D:8)
  2 hound zombies (D:7)
  A hound skeleton (D:4)
  3 gnolls (D:5)
  A howler monkey skeleton (D:3)
  12 adders
  An adder (shapeshifter) (D:1)
  3 shadow imps
  6 oozes (Lair:5)
  An adder zombie (D:11)
  A worm (D:5)
  A dart slug (D:2)
  6 leopard geckos
  42 orcs
  5 ball pythons
  3 bats
  5 giant cockroaches
  6 goblins
  10 hobgoblins
  2 jackals (D:6)
  18 kobolds
  3 quokkas
  7 frilled lizards
  A quokka skeleton (D:4)
  2 rats (D:1)
  A fungus (D:9)
417 creatures vanquished.

Vanquished Creatures (collateral kills)
  A hydra (Lair:1)
  A wyvern (Lair:1)
  4 yaks (D:9)
  A water moccasin (Lair:5)
  A black bear (D:9)
  An ice beast (D:11)
  A centaur (D:9)
  A wolf (Lair:5)
  A bullfrog (D:9)
  A quasit (D:5)
  A bullfrog zombie (D:9)
  5 gnolls
  A dart slug (D:2)
  An orc (D:9)
  A giant cockroach (D:5)
  2 kobolds (D:9)
24 creatures vanquished.

Vanquished Creatures (others)
  A dancing weapon (D:11)
  A death yak (Lair:5)
  A human (Lair:6)
  An adder (D:4)
  13 fungi
  2 plants
19 creatures vanquished.

Grand Total: 460 creatures vanquished

Notes
Turn   | Place    | Note
-------+----------+-------------------------------------------
     0 | D:1      | AlphabetPasta the Kobold Chaos Knight began the quest for the Orb.
     0 | D:1      | Reached XP level 1. HP: 14/14 MP: 1/1
    12 | D:1      | Gained mutation: Your body sometimes deteriorates upon taking damage. [potion of mutation]
    12 | D:1      | Gained mutation: Your body often deteriorates upon taking damage. [potion of mutation]
    12 | D:1      | Gained mutation: You have sharp toenails. [potion of mutation]
    29 | D:1      | XOM: harmless Summ miscast
    49 | D:1      | XOM: divination: magic mapping
    83 | D:1      | XOM: god gift: scroll labeled HEG DILIB {god gift}
   280 | D:1      | Reached XP level 2. HP: 19/19 MP: 2/2
   580 | D:1      | XOM: smoke on damage
   581 | D:1      | Reached skill level 1 in Armour
   581 | D:1      | Reached skill level 1 in Stealth
   582 | D:1      | Reached XP level 3. HP: 15/23 MP: 3/3
   620 | D:1      | XOM: potion effect (brilliance)
   810 | D:2      | Reached skill level 5 in Short Blades
   810 | D:2      | Reached XP level 4. HP: 29/29 MP: 4/4
   886 | D:2      | XOM: polymorph bat -> dart slug
  1029 | D:2      | Lost mutation: Your body often deteriorates upon taking damage. [potion of mutation]
  1029 | D:2      | Lost mutation: You have sharp toenails. [potion of mutation]
  1029 | D:2      | Gained mutation: You expend magic power (3 MP) to strengthen your wands. [potion of mutation]
  1029 | D:2      | Gained mutation: You are partially covered in iridescent scales. (AC +2) [potion of mutation]
  1324 | D:3      | Noticed Jessica
  1340 | D:3      | XOM: snakes to sticks
  1344 | D:3      | Killed Jessica
  1344 | D:3      | Reached XP level 5. HP: 30/33 MP: 5/5
  1375 | D:3      | XOM: scenery: create altars
  1423 | D:3      | Noticed an ogre
  1429 | D:3      | XOM: god gift: glowing rapier {god gift}
  1434 | D:3      | Killed an ogre
  1436 | D:3      | Reached XP level 6. HP: 38/38 MP: 6/6
  1488 | D:3      | Found an opulent altar of Gozag.
  1690 | D:3      | XOM: give mutations
  1690 | D:3      | Gained mutation: You possess an exceptional clarity of mind. [Xom's grace]
  1690 | D:3      | Gained mutation: You passively map a small area around you. [Xom's grace]
  1690 | D:3      | Gained mutation: You can translocate small distances at will. [Xom's grace]
  1693 | D:3      | XOM: butterfly on damage
  1696 | D:3      | XOM: god gift: 19 stones
  2002 | D:3      | XOM: divination: detect items
  2137 | D:3      | Found a deep blue altar of Sif Muna.
  2184 | D:4      | Found a white marble altar of Elyvilon.
  2222 | D:4      | Found a staircase to the Ecumenical Temple.
  2241 | D:4      | Reached skill level 6 in Short Blades
  2254 | D:4      | XOM: confuse monster(s)
  2263 | D:4      | XOM: destruction
  2292 | D:4      | Noticed AlphabetPasta's ghost (amateur KoCK)
  2312 | Temple   | Entered the Ecumenical Temple
  2370 | D:4      | XOM: fake destruction
  2458 | D:5      | Entered Level 5 of the Dungeon
  2496 | D:5      | Reached XP level 7. HP: 43/43 MP: 7/7
  2520 | D:5      | XOM: scenery: create altars
  2585 | D:5      | Reached skill level 1 in Crossbows
  2620 | D:5      | Found a hide-covered altar of Uskayaw.
  2631 | D:5      | XOM: summons 4 friendly demons
  2664 | D:5      | Noticed Pikel
  2669 | D:5      | XOM: confuse monster(s)
  2673 | D:5      | XOM: confuse monster(s)
  2684 | D:5      | XOM: smoke on damage
  2686 | D:5      | Killed Pikel
  2686 | D:5      | Reached skill level 7 in Short Blades
  2686 | D:5      | Reached XP level 8. HP: 25/48 MP: 8/8
  2700 | D:5      | XOM: 4-stop teleportation journey
  2743 | D:5      | XOM: summons friendly iron imp
  2861 | D:5      | Reached skill level 5 in Dodging
  2861 | D:5      | Reached skill level 5 in Stealth
  3162 | D:4      | Reached skill level 5 in Fighting
  3380 | D:5      | XOM: divination: magic mapping
  3461 | D:6      | Reached skill level 8 in Short Blades
  3465 | D:6      | XOM: noise
  3522 | D:6      | Reached skill level 5 in Crossbows
  3522 | D:6      | Reached XP level 9. HP: 54/54 MP: 9/9
  3642 | D:6      | XOM: enchant monster (good)
  3853 | D:6      | Found a blossoming altar of Fedhas.
  4042 | D:6      | Reached skill level 1 in Evocations
  4344 | D:7      | XOM: 2-stop teleportation journey
  4350 | D:7      | XOM: enchant monster (bad)
  4465 | D:7      | XOM: summons 4 hostile demons
  4478 | D:7      | XOM: snakes to sticks
  4606 | D:7      | XOM is BORED!
  4606 | D:7      | XOM: swap monsters
  4621 | D:7      | XOM: mild Ice miscast
  4623 | D:7      | XOM: medium Pois miscast
  4639 | D:7      | Reached skill level 9 in Short Blades
  4656 | D:7      | Found a sacrificial altar of Ru.
  4656 | D:7      | Found a sparkling altar of Nemelex Xobeh.
  4658 | D:7      | Found a stormy altar of Qazlal.
  5041 | D:8      | Noticed a hippogriff
  5063 | D:8      | Killed a hippogriff
  5071 | D:8      | XOM: polymorph ogre -> ice beast
  5078 | D:8      | XOM: cast spell 'Summon Butterflies'
  5080 | D:8      | Reached XP level 10. HP: 48/60 MP: 8/11
  5179 | D:8      | XOM: god gift: runed peridot amulet {god gift}
  5215 | D:8      | Noticed Prince Ribbit
  5215 | D:8      | XOM: summons friendly shadow imp
  5224 | D:8      | XOM: noise
  5226 | D:8      | Killed Prince Ribbit
  5288 | D:8      | Noticed a two-headed ogre
  5298 | D:8      | XOM: mild Summ miscast
  5302 | D:8      | XOM: harmless Air miscast
  5313 | D:8      | Killed a two-headed ogre
  5313 | D:8      | Reached skill level 10 in Short Blades
  5368 | D:8      | Noticed a two-headed ogre
  5371 | D:8      | XOM: potion effect (haste)
  5377 | D:8      | XOM: summons friendly crimson imp
  5379 | D:8      | XOM: confuse monster(s)
  5385 | D:8      | XOM: mild Tmut miscast
  5386 | D:8      | XOM: harmless Tloc miscast
  5401 | D:8      | Killed a two-headed ogre
  5470 | D:8      | XOM: give mutation
  5470 | D:8      | Gained mutation: You are partially covered in thin metallic scales. (AC +2) [Xom's grace]
  5601 | D:9      | Noticed a two-headed ogre
  5608 | D:9      | XOM: enchant monster (good)
  5629 | D:9      | Killed a two-headed ogre
  5701 | D:9      | XOM: polymorph orc -> giant cockroach
  5724 | D:9      | Reached XP level 11. HP: 49/66 MP: 14/14
  5783 | D:9      | XOM: summons friendly white imp
  5791 | D:9      | XOM: summons friendly iron imp
  5797 | D:9      | Found a staircase to the Orcish Mines.
  5853 | D:9      | XOM: 2-stop teleportation journey
  5858 | D:9      | XOM: 4-stop teleportation journey
  5874 | D:9      | XOM: cast spell 'Summon Dragon'
  5904 | D:9      | Found a staircase to the Lair.
  5955 | D:9      | Reached skill level 11 in Short Blades
  5968 | D:9      | XOM: polymorph ice dragon -> alligator
  6399 | D:9      | Found a glowing golden altar of the Shining One.
  6400 | D:9      | Found a bloodstained altar of Trog.
  6566 | D:9      | XOM: summons 5 hostile demons
  6684 | D:10     | Entered Level 10 of the Dungeon
  6703 | D:10     | XOM: divination: detect items
  6785 | D:10     | XOM: medium Necr miscast
  6906 | D:10     | Reached skill level 5 in Evocations
  7116 | D:10     | XOM: summons 7 friendly demons
  7253 | D:10     | XOM: harmless Erth miscast
  7281 | D:10     | XOM: blink monster(s)
  7286 | D:10     | XOM: scenery: 1 doors close
  7301 | D:10     | XOM: 6-stop teleportation journey
  7479 | D:10     | XOM: divination: magic mapping
  7547 | D:10     | XOM: god gift: great sword {god gift}
  7779 | D:11     | XOM is BORED!
  7779 | D:11     | XOM: 4-stop teleportation journey
  7781 | D:11     | XOM: confuse monster(s)
  7795 | D:11     | XOM: enchant monster (bad)
  7798 | D:11     | XOM: mild Ice miscast
  7804 | D:11     | XOM: mild Tloc miscast
  7914 | D:11     | Reached skill level 5 in Armour
  7929 | D:11     | XOM: 3-stop teleportation journey
  7956 | D:11     | Reached skill level 12 in Short Blades
  8074 | D:11     | Noticed a brown ugly thing
  8079 | D:11     | Killed a brown ugly thing
  8079 | D:11     | Reached skill level 10 in Crossbows
  8183 | D:11     | XOM: 5-stop teleportation journey
  8184 | D:11     | Noticed a two-headed ogre
  8191 | D:11     | XOM: repel stairs
  8196 | D:11     | XOM: summons 2 hostile shadow creatures
  8197 | D:11     | Noticed a green ugly thing
  8212 | D:11     | Killed a two-headed ogre
  8212 | D:11     | Reached XP level 12. HP: 63/73 MP: 16/16
  8213 | D:11     | XOM: harmless Erth miscast
  8314 | D:11     | XOM: harmless Air miscast
  8325 | D:11     | XOM: enchant monster (bad)
  8376 | D:11     | Noticed a two-headed ogre
  8377 | D:11     | Noticed Erica
  8640 | D:11     | Killed Erica
  8786 | D:11     | XOM: enchant monster (bad)
  8859 | D:11     | Killed a two-headed ogre
  9107 | D:12     | Noticed a two-headed ogre
  9113 | D:12     | Killed a two-headed ogre
  9194 | D:12     | Noticed a two-headed ogre
  9203 | D:12     | XOM: butterfly on damage
  9207 | D:12     | Killed a two-headed ogre
  9273 | D:12     | Noticed a two-headed ogre
  9301 | D:12     | XOM: 2-stop teleportation journey
  9305 | D:12     | XOM: swap monsters
  9305 | D:12     | Noticed Erolcha
  9308 | D:12     | XOM: enchant monster (bad)
  9325 | D:12     | Killed Erolcha
  9325 | D:12     | Reached skill level 10 in Stealth
  9411 | D:12     | Killed an unseen horror
  9411 | D:12     | Reached skill level 13 in Short Blades
  9506 | D:12     | a two-headed ogre changed into a slime creature
  9506 | D:12     | XOM: polymorph two-headed ogre -> slime creature
  9511 | D:12     | XOM: god gift: chain mail {god gift}
 10111 | D:12     | XOM: scenery: create altars
 10240 | Lair:1   | Entered Level 1 of the Lair of Beasts
 10308 | Lair:1   | Noticed a four-headed hydra
 10317 | Lair:1   | XOM: confuse monster(s)
 10318 | Lair:1   | Killed a four-headed hydra
 10318 | Lair:1   | Reached XP level 13. HP: 53/79 MP: 16/18
 10346 | Lair:1   | Noticed a five-headed hydra
 10362 | Lair:1   | XOM: enchant monster (good)
 10363 | Lair:1   | XOM: confuse monster(s)
 10367 | Lair:1   | Killed a five-headed hydra
 10387 | Lair:1   | XOM: harmless Ice miscast
 10405 | Lair:1   | XOM: harmless Erth miscast
 10409 | Lair:1   | XOM: enchant monster (good)
 10413 | Lair:1   | XOM: divination: detect creatures
 10444 | Lair:1   | Noticed Raine357's ghost (journeyman MiWn)
 10465 | Lair:1   | XOM: divination: detect creatures
 10495 | Lair:2   | XOM: harmless Tmut miscast
 10526 | Lair:2   | XOM: divination: magic mapping
 10537 | Lair:2   | XOM: scenery: create altars
 10541 | Lair:2   | XOM: polymorph spiny frog -> rime drake
 10546 | Lair:2   | XOM: god gift: scroll of amnesia
 10557 | Lair:2   | XOM: enchant monster (good)
 10564 | Lair:2   | XOM: noise
 10585 | Lair:2   | XOM: mild Tloc miscast
 10596 | Lair:2   | XOM: 2-stop teleportation journey
 10660 | Lair:2   | XOM: harmless Tloc miscast
 10704 | Lair:2   | XOM: cleaving
 10768 | Lair:2   | XOM: destruction
 10771 | Lair:2   | XOM: snakes to sticks
 10817 | Lair:1   | XOM: summons friendly crimson imp
 10903 | Lair:1   | Noticed a seven-headed hydra
 10904 | Lair:1   | XOM: cleaving
 10908 | Lair:1   | Killed a seven-headed hydra
 11002 | Lair:1   | XOM: polymorph crimson imp -> iron imp
 11059 | Lair:1   | XOM: fake destruction
 11154 | Lair:2   | XOM: cleaving
 11170 | Lair:2   | XOM: potion effect (might)
 11214 | Lair:2   | XOM: mild Pois miscast
 11335 | Lair:2   | XOM: silly message
 11336 | Lair:2   | Found a hole to the Spider Nest.
 11343 | Lair:2   | XOM: scenery: create altars
 11698 | Lair:3   | XOM: scenery: create altars
 11738 | Lair:3   | XOM: cleaving
 11743 | Lair:3   | XOM: noise
 11761 | Lair:3   | Reached skill level 14 in Short Blades
 11781 | Lair:3   | Found a shimmering altar of Xom.
 11823 | Lair:3   | XOM: draining
 11851 | Lair:3   | XOM: butterfly on damage
 11854 | Lair:3   | XOM: 8-stop teleportation journey
 11901 | Lair:3   | XOM: polymorph spiny frog -> polar bear
 11949 | Lair:3   | XOM: god gift: runed quick blade {god gift}
 12077 | Lair:3   | XOM: destruction
 12081 | Lair:3   | XOM: confuse monster(s)
 12338 | Lair:3   | XOM: give mutations
 12338 | Lair:3   | Gained mutation: Your spells are a little harder to cast, but a little more powerful. [Xom's grace]
 12338 | Lair:3   | Gained mutation: You are partially covered in slimy green scales. (AC +2) [Xom's grace]
 12357 | Lair:4   | XOM: snakes to sticks
 12528 | Lair:4   | XOM: fog
 12529 | Lair:4   | XOM: potion effect (haste)
 12637 | Lair:4   | Reached XP level 14. HP: 71/86 MP: 19/19
 12661 | Lair:4   | XOM: mild Ice miscast
 12677 | Lair:4   | XOM: mild Tloc miscast
 12711 | Lair:4   | Found a staircase to the Swamp.
 12720 | Lair:4   | XOM: silly message
 12726 | Lair:4   | XOM: enchant monster (good)
 12871 | Lair:4   | XOM: harmless Air miscast
 13114 | Lair:4   | XOM: divination: magic mapping
 13150 | Lair:4   | XOM: divination: detect items
 13444 | Lair:5   | XOM: divination: detect items
 13523 | Lair:5   | XOM: scenery: create altars
 13544 | Lair:5   | XOM: medium Fire miscast
 13743 | Lair:5   | XOM: cast spell 'Summon Hydra'
 13804 | Lair:5   | XOM: butterfly on damage
 13841 | Lair:5   | XOM: fog
 13856 | Lair:5   | XOM: polymorph ooze -> killer bee
 13875 | Lair:5   | XOM: divination: detect items
 14085 | Lair:5   | XOM: mild Fire miscast
 14102 | Lair:5   | XOM: potion effect (agility)
 14443 | Lair:6   | Entered Level 6 of the Lair of Beasts
 14453 | Lair:5   | XOM: enchant monster (bad)
 14529 | Lair:6   | Noticed Kirke
 14530 | Lair:6   | Killed Kirke
 14569 | Lair:6   | XOM: fog
 14579 | Lair:6   | XOM: potion effect (brilliance)
 14594 | Lair:6   | XOM: summons friendly crimson imp
 14597 | Lair:5   | XOM: cast spell 'Summon Ice Beast'
 14652 | Lair:5   | XOM: harmless Erth miscast
 14666 | Lair:5   | XOM: divine lightning
 14781 | Lair:5   | XOM: scenery: create altars
 14789 | Lair:5   | XOM: potion effect (might)
 14797 | Lair:5   | XOM: fake destruction
 14808 | Lair:5   | Reached skill level 10 in Dodging
 14856 | Lair:5   | Reached skill level 15 in Short Blades
 14884 | Lair:5   | Noticed an emperor scorpion
 14884 | Lair:5   | a death yak changed into an emperor scorpion
 14884 | Lair:5   | XOM: polymorph death yak -> emperor scorpion
 14917 | Lair:5   | Killed an emperor scorpion
 14917 | Lair:5   | Reached skill level 10 in Fighting
 14998 | Lair:5   | XOM: summons 6 friendly demons
 15005 | Lair:5   | XOM: mild Air miscast
 15011 | Lair:5   | XOM: potion effect (curing)
 15012 | Lair:5   | XOM: cast spell 'Summon Butterflies'
 15048 | Lair:5   | XOM: mild Summ miscast
 15049 | Lair:5   | HP: 3/88 [death yak (14)]
 15060 | Lair:5   | Mangled by a death yak

Vault maps used:
D:1:      minmay_arrival_glassed_features
D:3:      nicolae_gozag_seed_capital, lemuel_blue_sif_altar, uniq_jessica
D:4:      overflow_temple_1_default, minmay_temple_entry_glass, first_bread,
          uniq_crazy_yiuf_cottage
D:5:      lemuel_crystal_altar, corexii_checkpoint_a, uniq_pikel
D:6:      lemuel_round_altar, kennysheep_generic_room_9
D:7:      gammafunk_temple_overflow_claw, grunt_ministairs_7
D:8:      serial_glass, glass_columns_a, glass_columns_a, glass_columns_a,
          glass_columns_b, glass_columns_c, glass_columns_c, uniq_prince_ribbit1
D:9:      gammafunk_temple_overflow_statue, dpeg_oklobed_lair, erik_orc_1
D:11:     uniq_erica
D:12:     uniq_erolcha
Temple:   cyrus_circular_temple
Lair:1:   infiniplex_staircase_pool
Lair:2:   spider_nest_entry_a, grunt_megastairs_2
Lair:3:   basic_altar
Lair:4:   swamp_mist, beast_lair_carwin_7, lemuel_fruit_fields,
          lemuel_fruit_tree
Lair:5:   lemuel_slime, grunt_forest_small_clearings, small_statue_intersection
Lair:6:   hangedman_lair_in_review, hangedman_lair_caniforms_friends,
          minmay_slime_entry_oklob_open, uniq_kirke

Skill      XL: |  1  2  3  4  5  6  7  8  9 10 11 12 13 14 |
---------------+-------------------------------------------+-----
Armour         | 1 2 3 4 5 6 7 |  7.3
Stealth        | 1 2 3 4 5 6 7 9 10 11 12 | 12.0
Short Blades   | 5 6 7 8 9 10 12 13 14 15 | 15.0
Dodging        | 3 4 5 6 7 8 9 10 | 10.1
Fighting       | 4 5 6 7 8 9 10 | 10.0
Crossbows      | 3 5 6 8 10 11 12 13 | 13.5
Evocations     | 2 4 5 6 7 8 |  8.7

Action                   |  1- 3 |  4- 6 |  7- 9 | 10-12 | 13-15 || total
-------------------------+-------+-------+-------+-------+-------++-------
Melee: Short sword       |    55 |    71 |       |       |       ||   126
       Kick              |    11 |     7 |       |       |       ||    18
       Rapier            |       |    97 |   451 |   967 |  1185 ||  2700
       Quick blade       |       |       |       |       |   171 ||   171
Throw: Tomahawk          |     2 |       |       |       |       ||     2
Evoke: Wand              |       |       |     1 |     4 |     4 ||     9
  Use: Scroll            |     4 |     2 |    10 |     9 |     4 ||    29
       Potion            |     3 |     6 |     2 |     3 |    10 ||    24
 Stab: Sleeping          |     1 |     7 |    16 |    28 |    15 ||    67
       Distracted        |     1 |       |       |     3 |     4 ||     8
       Confused          |       |     2 |     2 |    10 |     3 ||    17
       Paralysed         |       |       |     1 |       |     1 ||     2
       Petrified         |       |       |       |     1 |       ||     1
  Eat: Chunk             |     8 |    10 |     8 |    17 |    21 ||    64
Armor: Leather armour    |    12 |    24 |   109 |   185 |   180 ||   510
Dodge: Dodged            |    32 |    83 |   355 |   688 |   742 ||  1900
